 Dungeon Crawl Stone Soup version 0.30-a0-852-g08b95dd62f (webtiles) character file.

Game seed: 11226051581830028047

77 demibob the Sneak (level 4, -2/34 HPs)
             Began as a Demonspawn Wanderer on Mar 4, 2023.
             Slain by Sigmund
             ... wielding a +5 heavy scythe
              (25 damage)
             ... on level 2 of the Dungeon.
             The game lasted 00:02:22 (1358 turns).

demibob the Sneak (Demonspawn Wanderer)             Turns: 1358, Time: 00:02:22

Health: -2/34      AC:  3    Str: 14    XL:     4   Next: 13%
Magic:  5/5        EV: 16    Int:  9    God:
Gold:   152        SH:  0    Dex: 19    Spells: 5/5 levels left

rFire   . . .      SeeInvis .    a - +2 spear (venom)
rCold   . . .      Faith    .    (no shield)
rNeg    . . .      Spirit   .    f - +0 leather armour
rPois   .          Reflect  .    (no helmet)
rElec   .          Rampage  .    (no cloak)
rCorr   .                        (no gloves)
Will    .....                    (no boots)
Stlth   +++                      (no amulet)
HPRegen 0.25/turn                E - +5 ring of evasion
MPRegen 0.09/turn                (no ring)

@: hasted, very quick
A: thin skeletal structure 1, demonic guardian 1, ignite blood 1
a: no special abilities


You were on level 2 of the Dungeon.
You visited 1 branch of the dungeon, and saw 2 of its levels.

You collected 152 gold pieces.


Innate Abilities, Weirdness & Mutations

You have a somewhat thin skeletal structure. (Dex +2, Stealth+)
A weak demonic guardian rushes to your aid.
Your demonic aura sometimes causes spilled blood to erupt in flames.


   Skills:
 + Level 2.4 Fighting
 - Level 2.4(2.7) Axes
 * Level 1.6(2.3) Polearms
 - Level 1.0 Armour
 + Level 1.0 Dodging
 - Level 2.6 Stealth
 - Level 1.0 Spellcasting
 - Level 2.0 Evocations


You had 5 spell levels left.
You didn't know any spells.
Your spell library contained the following spells:

 Spells                   Type           Power      Damage    Failure   Level
 Necrotise                Necr           0%         1d4       41%         1
 Blink                    Tloc           0%         N/A       56%         2
 Lesser Beckoning         Tloc           0%         N/A       56%         2
 Momentum Strike          Conj/Tloc      0%         3d8       56%         2
 Sublimation of Blood     Necr           0%         N/A       56%         2
 Hailstorm                Conj/Ice       0%         3d3       80%         3
 Vampiric Draining        Necr           0%         2d6       80%         3
 Ice Form                 Ice/Tmut       0%         N/A       99%         4
 Petrify                  Tmut/Erth      0%         N/A       99%         4
 Agony                    Necr           0%         N/A       100%        5
 Irradiate                Conj/Tmut      0%         3d11      100%        5
 Simulacrum               Ice/Necr       0%         N/A       100%        6

Inventory:

Hand Weapons
 a - a +2 spear of venom (weapon)
 c - a +0 hand axe
 i - a +2 dagger
Armour
 f - a +0 leather armour (worn)
 j - a +0 pair of gloves
Jewellery
 E - a +5 ring of evasion (left hand)
Scrolls
 d - 3 scrolls of teleportation {@r2}
 h - 2 scrolls of identify {@r1}
 l - a scroll of fear
 m - a scroll of silence {unknown}
Potions
 e - 2 potions of curing {@q1}
 g - 2 potions of brilliance {unknown}
 k - a potion of flight {unknown}
 n - a potion of attraction {unknown}

Dungeon Overview and Level Annotations

Branches:
Dungeon (2/15)

Altars:

Annotations:
D:2 Sigmund

#.### ##.....## ## #.#.##
##.......## ##.
####....####.........####..
.............'.........'.....
#####.....####.........####.. ..@
#....######.......## ##. ...
#....# #.........## ## #.# ###.##
#.####...## # #.# ## ###.# #@#
##'######
#.▒▒.###.░░░.░░░{▓▓###......#
#.▒.............S.▓.##..###.#
#...##.▒▒▒.▒▒▒)##...##..# #.#
#.░.#...........#.▒.#...###.#####
#.░...▒▒.▒▒▒.▓▓...▒..............
..░.#.▒.......▓.░.▒.#...###.#####
##..#...##.##...░...##......#
#▓.#.▒.#...#.▒.░.▓.##.######


You could see a ball python.


Message History

The kobold is severely wounded.
You completely miss the kobold.
The kobold is severely wounded.
The kobold hits you but does no damage.
You miss the kobold.
The kobold is severely wounded.
The kobold misses you.
Sigmund shouts!
You puncture the kobold!
You kill the kobold!
You aren't carrying any items that you can evoke.
Unknown command.
Unknown command.
You start waiting.
A ball python is nearby!
Sigmund casts a spell.
Sigmund flickers and vanishes!
Deactivating autopickup; reactivate with Ctrl-A.
The ball python hisses angrily.
You feel yourself speed up. Something barely misses you.
You barely miss something. You barely miss something. You hit something.
Something hits you!
You closely miss something. You closely miss something.
You closely miss something. You miss something. Something hits you!!
Ouch! That really hurt!
You die...

Skill      XL: |  1  2  3 |
---------------+----------+-----
Axes           | 2 |  2.4
Polearms       | 1 |  1.6
Dodging        | 1 |  1.0
Fighting       | |  2.4
Armour         | |  1.0
Stealth        | |  2.6
Spellcasting   | |  1.0
Evocations     | |  2.0

Action                     |  1- 3 |  4- 6 || total
---------------------------+-------+-------++-------
  Melee: Hand axe          |    49 |       ||    49
         Spear             |    62 |    12 ||    74
    Use: Scroll            |     5 |       ||     5
         Potion            |       |     1 ||     1
   Stab: Sleeping          |    10 |       ||    10
         Distracted        |     1 |     1 ||     2
 Armour: Leather armour    |    19 |     1 ||    20
  Dodge: Dodged            |    61 |     2 ||    63

Levels and vault maps discovered:
D:1:      scummos_arrival_gate, layout_loops_ring
D:2:      layout_loops_corners, nicolae_concentric_dashed_squares_wild,
          minmay_misc_feat_encased, minmay_diced_spiral, uniq_natasha,
          uniq_sigmund

Notes
Turn   | Place    | Note
-------+----------+-------------------------------------------
     0 | D:1      | demibob the Demonspawn Wanderer began the quest for the
                  | Orb.
     0 | D:1      | demibob set off with the following items: a +2 dagger, a
                  | potion of haste {@q3}, a +0 hand axe, a scroll of
                  | teleportation {@r2}, a potion of curing {@q1}, a +0 leather
                  | armour.
     0 | D:1      | Reached XP level 1. HP: 16/16 MP: 2/2
   153 | D:1      | You fall into a shaft and drop 1 floor!
   228 | D:2      | Noticed Sigmund
   275 | D:2      | Noticed an orc priest
   330 | D:1      | Reached skill level 2 in Axes
   330 | D:1      | Gained mutation: You have a somewhat thin skeletal
                  | structure. (Dex +2, Stealth+) [demonic ancestry]
   330 | D:1      | Reached XP level 2. HP: 19/22 MP: 3/3
   615 | D:1      | Gained mutation: A weak demonic guardian rushes to your
                  | aid. [demonic ancestry]
   615 | D:1      | Reached XP level 3. HP: 27/27 MP: 4/4
   971 | D:2      | Noticed Natasha
   999 | D:2      | Killed Natasha
  1000 | D:2      | Reached skill level 1 in Polearms
  1222 | D:2      | Reached skill level 1 in Dodging
  1222 | D:2      | Gained mutation: Your demonic aura sometimes causes spilled
                  | blood to erupt in flames. [demonic ancestry]
  1222 | D:2      | Reached XP level 4. HP: 34/34 MP: 5/5
  1358 | D:2      | Slain by Sigmund

Vanquished Creatures
  Natasha (D:2)
  An adder (D:2)
  2 dart slugs (D:1)
  4 ball pythons
  6 endoplasms
  5 goblins
  2 hobgoblins (D:1)
  4 kobolds
  A quokka (D:2)
  7 bats
  A frilled lizard (D:1)
  2 rats
36 creatures vanquished.

Table legend: (Time is in decaauts)
 A = Elapsed time spent in this place.
 B = Non-inter-level travel time spent in this place.
 C = Inter-level travel time spent in this place.
 D = Time resting spent in this place.
 E = Time spent auto-exploring this place.
 F = Levels seen in this place.
 G = Mean time per level.
                   A        B        C        D        E       F      G
               +--------+--------+--------+--------+--------+-----+--------+
         Total |   1364 |   1320 |     44 |      4 |    939 |   2 |  682.0 |
       Dungeon |   1364 |   1320 |     44 |      4 |    939 |   2 |  682.0 |
               +--------+--------+--------+--------+--------+-----+--------+

Top non-repeatable levels by time:
     D:1: 814 daAuts
     D:2: 550 daAuts

Table legend:
 A = Non-vault XP
 B = Vault XP
 C = Vault XP percentage of total XP
 D = Non-vault monster count
 E = Vault monster count
 F = Vault count percentage of total count
                 A         B        C        D         E       F
            +---------+---------+-------+---------+---------+-------
      Total |      75 |      35 |  31.8 |      35 |       1 |   2.8
            +---------+---------+-------+---------+---------+-------
        D:1 |      45 |       0 |   0.0 |      24 |       0 |   0.0
        D:2 |      30 |      35 |  53.8 |      11 |       1 |   8.3
            +---------+---------+-------+---------+---------+-------
